 Seeded DCSS version 0.28-a0-925-gd5e1996cdb (webtiles) character file.

Game seed: 20211126 (custom seed)

21 a11behringer the Chopper (level 2, 0/27 HPs)
             Began as a Hill Orc Monk on Nov 26, 2021.
             Succumbed to an adder's poison
             ... on level 2 of the Dungeon.
             The game lasted 00:02:44 (500 turns).

a11behringer the Chopper (Hill Orc Monk)             Turns: 500, Time: 00:02:45

Health: 0/27       AC:  2    Str: 13    XL:     2   Next: 87%
Magic:  2/2        EV: 12    Int: 10    God:
Gold:   47         SH:  0    Dex: 13    Spells: 1/1 levels left

rFire   . . .      SeeInvis .   a - +0 hand axe
rCold   . . .      Faith    .   (no shield)
rNeg    . . .      Spirit   .   b - +0 robe
rPois   .          Reflect  .   (no helmet)
rElec   .          Harm     .   (no cloak)
rCorr   .          Rampage  .   (no gloves)
Will    .....                   (no boots)
Stlth   ++........              (no amulet)
HPRegen 0.09/turn               (no ring)
MPRegen 0.08/turn               (no ring)

@: lethally poisoned (0 -> -4)
A: no striking features
a: no special abilities


You were on level 2 of the Dungeon.
You visited 1 branch of the dungeon, and saw 2 of its levels.

You collected 47 gold pieces.

Inventory:

Hand Weapons
 a - a +0 hand axe (weapon)
Missiles
 e - 14 poisoned darts (quivered)
Armour
 b - a +0 robe (worn)
Scrolls
 c - a scroll of blinking {unknown}
 d - 2 scrolls of fear {unknown}
 f - 3 scrolls of identify {unknown}
Potions
 g - a potion of attraction {unknown}


   Skills:
 + Level 4.0 Fighting
 * Level 4.7 Axes
 + Level 2.6 Dodging
 - Level 1.5 Stealth


You had one spell level left.
You didn't know any spells.
Your spell library was empty.

Dungeon Overview and Level Annotations

Branches:
Dungeon (2/15)

Altars:


Message History

You hit the endoplasm.
The endoplasm is severely wounded.
The endoplasm barely misses you.
You hit the endoplasm but do no damage.
The endoplasm is severely wounded.
The endoplasm jiggles.
The endoplasm freezes you.
You are frozen.
You slash the endoplasm!
You kill the endoplasm!
Found a stone staircase leading up.
Found a scroll labelled RELLUST YREC.
Found a stone staircase leading up.
An adder comes into view.
The adder hisses angrily.
d - 2 scrolls labelled RELLUST YREC (gained 1)
There are no items here.
An adder is nearby!
The adder bites you.
You barely miss the adder. The adder barely misses you.
You barely miss the adder. The adder bites you. The adder misses you.
You closely miss the adder. The adder misses you.
You barely miss the adder. The adder bites you.
You closely miss the adder. The adder bites you but does no damage.
The adder barely misses you.
You barely miss the adder. The adder misses you.
You hit the adder.
The adder is lightly wounded.
The adder bites you.
You are poisoned.
The adder poisons you!
You completely miss the adder.
The adder is lightly wounded.
You feel sick. The adder bites you. x2
* * * LOW HITPOINT WARNING * * *
You closely miss the adder.
* * * LOW HITPOINT WARNING * * *
You feel sick. The adder bites you.
* * * LOW HITPOINT WARNING * * *
You closely miss the adder.
You die...

. . . #### #..
#.# #.# #@# #
#S# # ##.######
########
.#####.......#
##......
........###<.##
.......#
#######.#......
##..##.#
#.......<...
.#..##.##
#.####....##
........# #.#
.S...#


You could see an adder.

Vanquished Creatures
  A ball python (D:1)
  2 bats (D:1)
  4 endoplasms
  2 goblins (D:1)
  5 hobgoblins (D:1)
  2 kobolds (D:1)
16 creatures vanquished.

Notes
Turn   | Place    | Note
-------+----------+-------------------------------------------
     0 | D:1      | a11behringer the Hill Orc Monk began the quest for the Orb.
     0 | D:1      | Reached XP level 1. HP: 19/19 MP: 1/1
   164 | D:1      | Reached XP level 2. HP: 26/27 MP: 2/2
   175 | D:1      | Found a faded altar of an unknown god.
   499 | D:2      | HP: 1/27 [adder (4)]
   500 | D:2      | Succumbed to an adder's poison

Illustrated notes

Levels and vault maps discovered:
D:1:      dpeg_arrival_tiny_f, layout_rooms,
          hellmonk_ecumenical_altar_crossroads, interstate_on_off,
          due_unseen_surprise
D:2:      layout_loops_ring, basic_altar, minmay_fountain_box

Skill      XL: |  1  2 |
---------------+-------+-----
Fighting       | 4 |  4.0
Axes           | |  4.7
Dodging        | |  2.6
Stealth        | |  1.5

Action                   || total
-------------------------++-------
Melee: Hand axe          ||    50
 Stab: Sleeping          ||     3
Armor: Robe              ||     5
Dodge: Dodged            ||    25

Table legend: (Time is in decaauts)
 A = Elapsed time spent in this place.
 B = Non-inter-level travel time spent in this place.
 C = Inter-level travel time spent in this place.
 D = Time resting spent in this place.
 E = Time spent auto-exploring this place.
 F = Levels seen in this place.
 G = Mean time per level.
                   A        B        C        D        E       F      G
               +--------+--------+--------+--------+--------+-----+--------+
         Total |    503 |    274 |    229 |      0 |    139 |   2 |  251.5 |
       Dungeon |    503 |    274 |    229 |      0 |    139 |   2 |  251.5 |
               +--------+--------+--------+--------+--------+-----+--------+

Top non-repeatable levels by time:
     D:1: 399 daAuts
     D:2: 104 daAuts
